Map: Year Zero LE

Players

AqueroN

  • Race: Terran Terran
  • League: Master
  • Spawn Location: 1:00

Lambo - Winner!

  • Race: Zerg Zerg
  • League: Master
  • Spawn Location: 11:00

VOD

Have the link to the VOD?

Description

Time

  • Played on: Jan. 26, 2019, 9:15 a.m.
  • Length: 12:56
Show
View Real Time Build Order
Export as new Build Order

AqueroN Terran 

Build Orders:  

Get SALT Encoding   

  12  0:00  SCV  
  13  0:12  SCV  
  14  0:18  Supply Depot  
  14  0:25  SCV  
  15  0:40  SCV  
  16  0:43  Barracks  
  16  0:48  Refinery  
  16  0:52  SCV  
  17  1:04  SCV  
  18  1:16  SCV  
  20  1:32  Orbital Command  
  20  1:33  Reaper  
  20  1:41  Command Center  
  20  1:51  Barracks  
  20  1:58  SCV  
  21  2:03  Supply Depot  
  21  2:07  Barracks Reactor  
  21  2:10  SCV  
  21  2:15  Refinery  
  23  2:22  SCV  
  23  2:28  Factory  
  23  2:34  SCV  
  24  2:41  Barracks Tech Lab  
  24  2:44  Marine x2  
  24  2:47  SCV  
  27  2:54  Orbital Command  
  27  3:00  SCV  
  27  3:02  Marine x2  
  27  3:04  Marine  
  31  3:08  Stimpack  
  31  3:12  SCV  
  32  3:20  Marine x2  
  32  3:22  Marine  
  32  3:23  SCV  
  36  3:30  Starport  
  36  3:32  SCV  
  37  3:35  Factory Reactor  
  37  3:38  Marine x2  
  37  3:40  Marine  
  37  3:41  SCV  
  41  3:47  Supply Depot  
  41  3:48  SCV  
  42  3:53  SCV  
  43  3:55  Marine  
  43  3:56  Marine  
  43  3:57  Marine  
  46  4:07  Supply Depot  
  46  4:08  SCV x2  
  48  4:16  Marine  
  48  4:17  Medivac x2, Marine x2  
  48  4:24  Engineering Bay  
  54  4:28  Engineering Bay  
  54  4:29  SCV  
  54  4:30  SCV  
  56  4:33  Supply Depot  
  56  4:37  Marine x2  
  58  4:40  Marine  
  58  4:42  Factory Tech Lab  
  59  4:49  Supply Depot  
  59  4:54  Barracks  
  59  4:55  Terran Infantry Armor Level 1, Terran Infantry Weapons Level 1  
  59  4:58  SCV x2  
  61  5:02  Marine x2  
  63  5:10  SCV x2  
  63  5:14  Siege Tank, Marine  
  68  5:17  Refinery  
  68  5:20  Supply Depot, Marine x2  
  71  5:22  SCV  
  72  5:28  Combat Shield  
  72  5:29  SCV  
  72  5:34  SCV  
  74  5:38  Marine x3  
  74  5:42  SCV  
  78  5:48  Siege Tank  
  81  5:50  Marine x2  
  81  5:51  Supply Depot  
  81  5:52  Supply Depot  
  81  5:56  Marine x2  
  85  6:01  SCV  
  86  6:04  Supply Depot  
  86  6:06  Refinery  
  86  6:12  Medivac  
  86  6:13  SCV  
  86  6:16  Marine x4  
  86  6:17  Marine  
  94  6:22  Siege Tank  
  94  6:23  SCV  
  94  6:25  SCV  
  97  6:34  Marine x2  
  98  6:42  Marine x2  
  98  6:43  Armory  
  98  6:45  Command Center  
  100  6:50  Armory  
  100  6:54  Marine x3  
  100  6:57  Siege Tank  
  100  6:58  SCV x2  
  108  7:03  Marine  
  108  7:04  Marine  
  110  7:14  Supply Depot  
  110  7:15  Supply Depot  
  110  7:35  Marine x5  
  110  7:36  SCV x2, Siege Tank  
  110  7:37  Terran Infantry Weapons Level 2, Terran Infantry Armor Level 2  
  120  7:38  Starport Reactor  
  120  7:44  Supply Depot  
  120  7:47  Barracks  
  120  7:53  Marine x2  
  122  7:59  Marine x3  
  122  8:03  SCV x2  
  127  8:11  Marine x2  
  132  8:12  Siege Tank  
  132  8:17  Marine x3  
  132  8:19  Factory  
  135  8:20  Barracks  
  135  8:23  SCV x2  
  137  8:29  Marine  
  137  8:30  Medivac  
  137  8:31  Medivac  
  142  8:35  SCV  
  142  8:36  SCV, Orbital Command  
  142  8:39  Marine  
  142  8:40  Marine x2, Sensor Tower  
  147  8:57  Supply Depot x2  
  147  8:58  Supply Depot  
  147  9:04  Marine x2  
  147  9:05  Barracks Reactor  
  147  9:06  Factory Tech Lab  
  149  9:14  Barracks Reactor  
  149  9:16  Supply Depot  
  149  9:18  SCV, Supply Depot, Siege Tank, Medivac, Marine x2  
  149  9:19  SCV x2  
  149  9:21  Supply Depot  
  159  9:31  Siege Tank  
  161  9:33  SCV x3  
  164  9:39  Marine x4  
  164  9:41  Marine  
  169  9:49  Medivac  
  169  9:50  Siege Tank  
  169  9:52  Medivac  
  175  9:56  Marine x4  
  175  9:59  Command Center  
  179  10:03  Siege Tank  
  182  10:07  Refinery x2  
  182  10:10  Marine x5  
  182  10:14  Marine  
  188  10:19  Terran Vehicle Weapons Level 1  
  188  10:20  Barracks  
  188  10:22  Barracks  
  188  10:29  Marine x2  
  190  10:39  Marine x3  
  190  10:40  Marine x3  
  196  10:50  Marine  
  196  10:52  Siege Tank  
  195  11:11  Marine x2  
  195  11:12  Marine  
  198  11:20  Medivac  
  183  11:43  Medivac, Marine  
  183  11:46  Siege Tank  
  167  11:50  Medivac  
  151  11:57  Marine x7  
  151  11:58  Marine  
  151  11:59  Barracks Tech Lab  
  151  12:00  Barracks Tech Lab  
  141  12:17  Marine x3  
  141  12:18  Marine x4  
  141  12:19  Marauder  
  141  12:20  Marauder  
  131  12:23  Siege Tank x2  
  137  12:31  Marauder, Marine  
  137  12:35  Marine  
Show
View Real Time Build Order
Export as new Build Order

Lambo Zerg - Winner!

Build Orders: Hatch First 

Get SALT Encoding   

  12  0:01  Drone  
  13  0:14  Overlord  
  13  0:18  Drone  
  14  0:33  Drone x2  
  16  0:51  Hatchery  
  16  0:53  Drone  
  16  0:57  Drone  
  16  1:01  Drone  
  18  1:11  Extractor  
  18  1:15  Spawning Pool  
  16  1:18  Drone  
  16  1:22  Drone  
  18  1:30  Drone  
  19  1:41  Drone  
  20  1:51  Drone  
  21  2:02  Queen x2  
  21  2:03  Zergling x2  
  21  2:04  Zergling x2  
  27  2:17  Hatchery  
  26  2:23  Overlord  
  26  2:27  Drone  
  26  2:28  Drone  
  27  2:45  Drone  
  27  2:46  Drone x2  
  27  2:48  Overlord  
  27  2:49  Drone  
  31  2:53  Queen  
  31  2:57  Metabolic Boost  
  33  3:00  Drone  
  34  3:06  Drone  
  34  3:07  Drone  
  34  3:12  Drone x2  
  38  3:19  Overlord  
  38  3:21  Drone  
  38  3:22  Queen  
  38  3:25  Drone  
  42  3:28  Drone  
  42  3:31  Drone x2  
  45  3:38  Drone, Queen  
  48  3:41  Drone x2  
  50  3:48  Drone  
  50  3:53  Overlord  
  50  3:54  Drone x2  
  53  3:58  Queen  
  55  4:05  Drone x2  
  55  4:08  Overlord  
  57  4:11  Overlord  
  57  4:16  Evolution Chamber, Queen  
  58  4:20  Drone x3  
  61  4:25  Drone x2  
  61  4:26  Baneling Nest  
  61  4:29  Overlord  
  61  4:30  Lair  
  61  4:31  Drone  
  63  4:32  Drone  
  63  4:33  Drone  
  63  4:37  Queen  
  67  4:39  Zergling x2  
  67  4:42  Zergling x6  
  71  4:47  Zergling x6  
  74  4:54  Overlord, Zergling x6  
  74  4:56  Zerg Ground Armor Level 1  
  77  5:00  Zergling x4  
  77  5:01  Drone  
  77  5:02  Drone  
  77  5:03  Overlord  
  81  5:08  Zergling x4  
  81  5:13  Overlord  
  81  5:14  Drone, Overlord  
  83  5:16  Drone  
  83  5:17  Drone  
  83  5:20  Extractor  
  83  5:21  Overlord  
  85  5:22  Extractor  
  85  5:25  Queen  
  85  5:27  Extractor  
  85  5:28  Zergling x4  
  87  5:29  Evolution Chamber, Extractor  
  87  5:30  Drone x3  
  87  5:32  Drone x2  
  87  5:34  Drone x2  
  92  5:40  Overlord  
  94  5:47  Overlord  
  94  5:48  Drone  
  93  5:52  Centrifical Hooks  
  93  5:54  Drone x2  
  95  5:57  Overlord  
  95  5:58  Zergling x12  
  95  6:02  Zergling x6  
  104  6:10  Zerg Melee Weapons Level 1  
  104  6:16  Overlord  
  104  6:18  Overlord  
  104  6:19  Overlord  
  104  6:21  Drone x2  
  104  6:22  Drone  
  107  6:26  Overlord  
  107  6:28  Drone x2  
  107  6:29  Hatchery  
  104  6:35  Zergling x10  
  104  6:39  Drone x2  
  111  6:40  Zergling x6  
  111  6:41  Hydralisk Den  
  111  6:44  Baneling x10  
  113  6:48  Zergling x4  
  113  6:49  Baneling x4  
  115  6:55  Overlord x2  
  115  6:57  Zergling x6  
  115  6:58  Baneling x3  
  118  7:08  Zergling x12  
  118  7:09  Zergling x4  
  118  7:11  Grooved Spines  
  118  7:15  Zerg Ground Armor Level 2  
  126  7:24  Zergling x14  
  126  7:25  Baneling x3  
  133  7:31  Zergling x8  
  133  7:32  Baneling  
  133  7:35  Baneling x5  
  137  7:37  Zergling x10  
  137  7:40  Baneling x4  
  142  7:45  Zergling x6  
  142  7:55  Drone, Zergling x6  
  142  7:56  Infestation Pit  
  145  8:03  Drone x8, Queen  
  155  8:10  Drone  
  153  8:14  Drone x2  
  153  8:15  Drone x2, Hydralisk x2  
  161  8:26  Hydralisk x6  
  173  8:30  Hydralisk  
  173  8:33  Hive  
  175  8:35  Extractor, Muscular Augments  
  175  8:40  Zerg Melee Weapons Level 2  
  174  8:41  Drone x4  
  174  8:42  Drone  
  174  8:44  Extractor  
  178  8:50  Zergling x2  
  178  8:51  Zergling x12  
  178  8:55  Hydralisk x2  
  185  8:56  Zergling x8  
  192  9:03  Overlord  
  192  9:04  Zergling x8  
  193  9:11  Zergling x6  
  196  9:24  Overlord  
  196  9:26  Zergling x10  
  199  9:41  Hatchery  
  198  9:50  Adrenal Glands  
  198  9:58  Spore Crawler x2  
  198  9:59  Spore Crawler x2  
  194  10:00  Viper x3, Spore Crawler x3  
  194  10:01  Spore Crawler x2  
  198  10:12  Baneling x4  
  207  10:21  Spire  
  206  10:22  Extractor  
  206  10:25  Baneling x3  
  199  10:56  Overseer  
  189  11:17  Spore Crawler  
  189  11:18  Spore Crawler  
  186  11:33  Zergling x26  
  186  11:34  Spore Crawler x2  
  186  11:38  Zergling x6  
  196  11:41  Zergling x12  
  196  11:43  Zergling x2  
  196  11:44  Zergling x2  
  196  11:46  Zergling x6  
  199  11:52  Zergling x18  
  197  11:58  Overlord  
  197  12:00  Zergling x8  
  199  12:03  Baneling x19  
  199  12:07  Zergling x2  
  199  12:08  Zergling x10  
  197  12:13  Zergling x20  
  198  12:20  Baneling x15  
  198  12:21  Baneling x12  
  192  12:27  Hatchery  
  192  12:29  Zergling x16  
  199  12:33  Baneling  
  199  12:34  Hatchery  
Tags
 
Add a new tag
Caveats
  • Supply blocks, unpowered buildings, or Contaminate may cause inaccurate times.
  • Supply counts are checked every 10 seconds.